 Dungeon Crawl Stone Soup version 0.23.1-37-gaa34b87b72 (webtiles) character file.

Game seed: 17599411284621009308

118 Peloso the Shield-Bearer (level 4, -1/41 HPs)
             Began as a Minotaur Fighter on Mar 24, 2019.
             Slain by an ogre
             ... wielding a +0 giant spiked club
              (14 damage)
             ... on level 4 of the Dungeon.
             The game lasted 00:03:19 (2135 turns).

Peloso the Shield-Bearer (Minotaur Fighter)         Turns: 2135, Time: 00:03:20

Health: -1/41      AC:  9    Str: 20    XL:     4   Next: 72%
Magic:  3/3        EV:  5    Int:  5    God:
Gold:   202        SH: 10    Dex: 17    Spells: 3/3 levels left

rFire    . . .     SeeInvis .   a - +0 long sword
rCold    . . .     Gourm    .   c - +0 shield
rNeg     . . .     Faith    .   s - +0 chain mail
rPois    .         Spirit   .   (helmet restricted)
rElec    .         Reflect  .   (no cloak)
rCorr    .         Harm     .   (no gloves)
MR       .....                  (no boots)
Stlth    ..........             (no amulet)
HPRegen  0.13/turn              k - +6 ring of dexterity
MPRegen  0.08/turn              (no ring)

@: no status effects
A: retaliatory headbutt, horns 2
a: no special abilities


You were on level 4 of the Dungeon.
You were not hungry.

You visited 1 branch of the dungeon, and saw 4 of its levels.

You collected 202 gold pieces.

Inventory:

Hand Weapons
 a - a +0 long sword (weapon)
Armour
 b - a +0 scale mail
 c - a +0 shield (worn)
 s - a +0 chain mail (worn)
Jewellery
 k - a +6 ring of dexterity (left hand)
Wands
 y - a wand of acid (11)
Scrolls
 h - 2 scrolls of teleportation {unknown}
 i - a scroll of blinking {unknown}
 j - 3 scrolls of identify {unknown}
 n - a scroll of enchant armour {unknown}
 o - a scroll of amnesia {unknown}
 q - a scroll of fear {unknown}
 r - 3 scrolls of remove curse {unknown}
 w - a scroll of magic mapping {unknown}
 x - a scroll of immolation {unknown}
 A - a scroll of fog {unknown}
Potions
 d - 3 potions of might
 e - a potion of invisibility {unknown}
 g - a potion of flight {unknown}
 l - a potion of cancellation {unknown}
 m - 4 potions of curing {unknown}
 p - 2 potions of degeneration {unknown}
 t - a potion of agility {unknown}
 u - a potion of haste {unknown}
 v - a potion of heal wounds {unknown}
Comestibles
 f - 4 rations
 z - a chunk of flesh


   Skills:
 + Level 4.6 Fighting
 + Level 3.5 Long Blades
 + Level 4.3 Armour
 + Level 0.5 Dodging
 + Level 4.7 Shields


You had 3 spell levels left.
You didn't know any spells.
Your spell library contained the following spells:

 Spells                   Type           Power        Failure   Level  Hunger
 Corona                   Hex            #......      100%        1    ##.....
 Ensorcelled Hibernation  Hex/Ice        #.....       100%        2    ###....
 Confuse                  Hex            #.......     100%        3    ####...
 Dazzling Spray           Conj/Hex       #.....       100%        3    ####...
 Tukima's Dance           Hex            #.......     100%        3    ####...


Dungeon Overview and Level Annotations

Branches:
Dungeon (4/15)
 Temple: D:4-7

Altars:
Vehumet

Shops:
D:4 *


Innate Abilities, Weirdness & Mutations

You reflexively headbutt those who attack you in melee.
You have a pair of horns on your head.


Message History

You hit the ogre.
The ogre is moderately wounded.
The ogre hits you with a +0 giant spiked club!
You barely miss the ogre.
The ogre is moderately wounded.
The ogre hits you with a +0 giant spiked club!
You hit the ogre.
The ogre is heavily wounded.
You block the ogre's attack.
You hit the ogre.
The ogre is heavily wounded.
You block the ogre's attack.
You barely miss the ogre.
The ogre is heavily wounded.
The ogre hits you with a +0 giant spiked club!
You slash the ogre!
You headbutt the ogre, but do no damage.
The ogre is almost dead.
The ogre hits you with a +0 giant spiked club!
You die...

#####. #.....
#.##.. #.##.#
###.##.# #.......
# #.#.##.#
###.####
######.#.##..
#..oO@.#
#............
#.#.##.#
#(#.#.....#.# .!
#.###.#.#..>.....
...
#.......#...#.###
###
#####.#.#..##.#
#.#.#..##.#
#.........#
####...(.##
#.#.#<####


You could see an ogre and an orc priest.

Vanquished Creatures
  3 adders
  An ooze (D:3)
  3 worms (D:2)
  3 dart slugs
  A leopard gecko (D:1)
  10 orcs
  6 bats
  2 giant cockroaches
  6 goblins
  5 hobgoblins
  7 kobolds
  3 quokkas
  2 ball pythons
  3 frilled lizards
  4 rats
59 creatures vanquished.

Notes
Turn   | Place    | Note
-------+----------+-------------------------------------------
     0 | D:1      | Peloso the Minotaur Fighter began the quest for the Orb.
     0 | D:1      | Reached XP level 1. HP: 19/19 MP: 0/0
   126 | D:1      | Reached XP level 2. HP: 24/27 MP: 1/1
   594 | D:2      | Reached XP level 3. HP: 28/33 MP: 2/2
  1006 | D:2      | Reached XP level 4. HP: 41/41 MP: 3/3
  1626 | D:3      | Found a radiant altar of Vehumet.
  2008 | D:4      | Found Qeprebel's Assorted Antiques.
  2124 | D:4      | Noticed an ogre
  2135 | D:4      | Slain by an ogre

Skill      XL: |  1  2  3  4 |
---------------+-------------+-----
Fighting       | 4 |  4.6
Armour         | 4 |  4.3
Shields        | 4 |  4.7
Long Blades    | 3 |  3.5
Dodging        | |  0.5

Action                   |  1- 3 |  4- 6 || total
-------------------------+-------+-------++-------
Melee: Long sword        |    84 |    52 ||   136
       Headbutt          |    11 |    14 ||    25
  Eat: Chunk             |       |     4 ||     4
Armor: Scale mail        |    41 |     1 ||    42
       Chain mail        |       |    12 ||    12
Dodge: Dodged            |    18 |     5 ||    23
Block: Shield            |    34 |    19 ||    53
       Rpst.: Long sword |     3 |     2 ||     5
